 Dungeon Crawl Stone Soup version 0.31.0-11-ge490571c62 (webtiles) character file.

Game seed: 5009370006703756164

16 qw the Shooter (level 2, 0/16 HPs)
             Began as a Deep Elf Hunter on Feb 4, 2024.
             Slain by a quokka (3 damage)
             ... on level 1 of the Dungeon.
             The game lasted 00:00:01 (287 turns).

qw the Shooter (Deep Elf Hunter)                     Turns: 287, Time: 00:00:01

Health: 0/16       AC:  3    Str:  8    XL:     2   Next: 37%
Magic:  4/4        EV: 12    Int: 13    God:
Gold:   37         SH:  0    Dex: 18    Spells: 1/1 levels left

rFire   . . .        a - +0 shortbow
rCold   . . .        (shield currently unavailable)
rNeg    . . .        c - +0 leather armour
rPois   .            (no helmet)
rElec   .            (no cloak)
rCorr   .            (no gloves)
SInv    .            (no boots)
Will    .....        (no amulet)
Stlth   ++           (no ring)
HPRegen 0.22/turn    (no ring)
MPRegen 0.09/turn

%: no passive effects
@: no status effects
A: no striking features
a: no special abilities


You were on level 1 of the Dungeon.
You visited 1 branch of the dungeon, and saw 1 of its levels.

You collected 37 gold pieces.


   Skills:
 - Level 1.5 Fighting
 + Level 6.2 Ranged Weapons
 - Level 2.4 Dodging
 - Level 1.2 Stealth


You had one spell level left.
You didn't know any spells.
Your spell library was empty.

Inventory:

Hand Weapons
 a - a +0 shortbow (weapon)
Armour
 c - a +0 leather armour (worn)
 d - a +0 ring mail
Jewellery
 f - an amulet of regeneration
 g - an amulet of guardian spirit
Scrolls
 b - a scroll of butterflies
Potions
 e - a potion of heal wounds {unknown}
 h - a potion of lignification {unknown}

Dungeon Overview and Level Annotations

Branches:
Dungeon (1/15)

Altars:


Message History

You shoot an arrow.
The arrow hits the quokka but does no damage.
A bat comes into view.
The kobold throws a stone.
The stone hits you but does no damage. The quokka bites you. x2
You shoot an arrow.
The arrow hits the kobold but does no damage.
The kobold is severely wounded.
The quokka bites you.
A rat comes into view.
The kobold hits you but does no damage.
You shoot an arrow. The arrow barely misses the kobold.
The rat squeaks loudly.
The arrow hits the bat.
You kill the bat!
The quokka barely misses you. The kobold hits you but does no damage.
You shoot an arrow. The arrow completely misses the kobold.
The arrow hits the kobold.
The kobold is heavily wounded.
The quokka barely misses you. The kobold closely misses you.
The quokka barely misses you.
You shoot an arrow. The arrow barely misses the kobold. x2
The kobold throws a stone.
The stone closely misses you. The quokka bites you.
You shoot an arrow. The arrow closely misses the kobold.
The kobold closely misses you. The quokka barely misses you.
You shoot an arrow. The arrow hits the kobold.
You kill the kobold!
The quokka bites you.
The quokka bites you but does no damage.
You shoot an arrow.
The arrow hits the kobold but does no damage.
The kobold barely misses you. The quokka closely misses you.
You shoot an arrow. The arrow closely misses the kobold.
The arrow closely misses the rat.
The kobold hits you with a +0 dagger. The quokka barely misses you.
The kobold hits you but does no damage. The rat barely misses you.
You shoot an arrow. The arrow hits the kobold!
You kill the kobold!
The quokka bites you.
You die...

####....#.## #.#
#....#.# #.. ### #.
#......# ### ...##.###
##...### #### #.... ..#
#...######... ......#)#
#.....)....##
......#.####...#####..#
#....[r..........[....#
#.....)@..............#
#..#..r)..............#
.(......#.P...P.####.##
#..#.##.#............#
..... #.....<....#####
#.## #.........## #
#.#.P...P.# ..##.....##
..........


You could see a quokka and a rat.

Vanquished Creatures
  An endoplasm (D:1)
  2 hobgoblins (D:1)
  3 kobolds (D:1)
  A quokka (D:1)
  A ball python (D:1)
  5 bats (D:1)
  4 rats (D:1)
17 creatures vanquished.

Notes
Turn   | Place    | Note
-------+----------+-------------------------------------------
     0 | D:1      | qw the Deep Elf Hunter began the quest for the Orb.
     0 | D:1      | Reached XP level 1. HP: 12/12 MP: 3/3
     0 | D:1      | 0 ||| qw: Version: 0.3-a-160-g6735b56
     0 | D:1      | 0 ||| qw: Game counter: 5831
     0 | D:1      | 0 ||| qw: Melee chars always use a shield: true
     0 | D:1      | 0 ||| qw: God list: Okawaru
     0 | D:1      | 0 ||| qw: Allow faded altars: false
     0 | D:1      | 0 ||| qw: Do Orc after clearing Dungeon:15 true
     0 | D:1      | 0 ||| qw: Do second Lair branch before Depths: true
     0 | D:1      | 0 ||| qw: Lair rune preference: random
     0 | D:1      | 0 ||| qw: Goals: Normal
     0 | D:1      | 0 ||| PLANNING D:1-11
   193 | D:1      | Reached skill level 6 in Ranged Weapons
   193 | D:1      | Reached XP level 2. HP: 16/16 MP: 4/4
   284 | D:1      | HP: 3/16 [quokka (2)]
   287 | D:1      | Slain by a quokka

Levels and vault maps discovered:
D:1:      dpeg_arrival_orchard, layout_loops_cross,
          corexii_item_surrounded_by_moat

Skill      XL: |  1 |
---------------+----+-----
Ranged Weapons | 6 |  6.2
Fighting       | |  1.5
Dodging        | |  2.4
Stealth        | |  1.2

Action                     || total
---------------------------++-------
   Fire: Shortbow          ||    40
 Armour: Leather armour    ||    23
  Dodge: Dodged            ||    18

Table legend:
 A = Non-vault XP
 B = Vault XP
 C = Vault XP percentage of total XP
 D = Non-vault monster count
 E = Vault monster count
 F = Vault count percentage of total count
                 A         B        C        D         E       F
            +---------+---------+-------+---------+---------+-------
      Total |      25 |       0 |   0.0 |      17 |       0 |   0.0
            +---------+---------+-------+---------+---------+-------
        D:1 |      25 |       0 |   0.0 |      17 |       0 |   0.0
            +---------+---------+-------+---------+---------+-------
